 Dungeon Crawl Stone Soup version 0.29.0-4-gdea44cf6ec (webtiles) character file.

Game seed: 13428015184035158012

42 qw the Chopper (level 3, -6/29 HPs)
             Began as a Barachi Chaos Knight on Sept 5, 2022.
             Mangled by Natasha (7 damage)
             ... on level 2 of the Dungeon.
             The game lasted 00:00:40 (1096 turns).

qw the Chopper (Barachi Chaos Knight)               Turns: 1096, Time: 00:00:41

Health: -6/29      AC: 12    Str: 15      XL:     3   Next: 54%
Magic:  3/3        EV:  4    Int: 12      God:
Gold:   72         SH:  0    Dex: 10 (11) Spells: 2/2 levels left

rFire   + + .      SeeInvis +   Y - +1 hand axe (chaos)
rCold   . . .      Faith    .   (no shield)
rNeg    . . .      Spirit   .   i - +0 plate armour
rPois   +          Reflect  .   j - +1 hat
rElec   .          Harm     .   (no cloak)
rCorr   +          Rampage  .   (no gloves)
Will    +....                   (no boots)
Stlth   ..........              (no amulet)
HPRegen 0.09/turn               l - ring of poison resistance
MPRegen 0.08/turn               a - ring "Heere" {rF++ Will+ rCorr SInv Stlth-}

@: slow
A: amphibious, slowness 1, strong legs 1, +LOS
a: Hop


You were on level 2 of the Dungeon.
You visited 1 branch of the dungeon, and saw 2 of its levels.

You collected 72 gold pieces.


Innate Abilities, Weirdness & Mutations

You are amphibious.
You cover ground slowly.
You can hop short distances.
You have an extended range of vision and can be seen from far away.


   Skills:
 - Level 3.6 Fighting
 + Level 4.9 Axes
 - Level 2.4 Armour
 - Level 1.1 Dodging


You had 2 spell levels left.
You didn't know any spells.
Your spell library was empty.

Inventory:

Hand Weapons
 o - a +0 club
 Y - a +1 hand axe of chaos (weapon)
Armour
 i - a +0 plate armour (worn)
 j - a +1 hat (worn)
Jewellery
 a - the ring "Heere" (right hand) {rF++ Will+ rCorr SInv Stlth-}
   (You acquired it on level 1 of the Dungeon)

   [ring of see invisible]

   rF:        It greatly protects you from fire.
   SInv:      It lets you see invisible.
   rCorr:     It protects you from acid and corrosion.
   Will:      It increases your willpower.
   Stlth:     It makes you less stealthy.
 l - a ring of poison resistance (left hand)
Scrolls
 b - a scroll of torment {unknown}
Potions
 d - a potion of flight {unknown}
 e - a potion of lignification {unknown}
 g - a potion of heal wounds {unknown}
 h - a potion of berserk rage {unknown}
Miscellaneous
 c - a piece from Xom's chessboard (15/15)

Dungeon Overview and Level Annotations

Branches:
Dungeon (2/15)

Altars:

Annotations:
D:2 Natasha


Message History

Natasha is lightly wounded.
You barely miss the goblin. The goblin hits you but does no damage.
Natasha barely misses you.
You hit Natasha. You burn Natasha.
Natasha is moderately wounded.
You hit the iron imp but do no damage. You barely miss the goblin.
Natasha barely misses you. The goblin hits you but does no damage.
The iron imp hits you but does no damage.
You closely miss Natasha.
Natasha is moderately wounded.
You completely miss the iron imp. You barely miss the goblin.
Natasha claws you but does no damage. The goblin hits you but does no damage.
The rat twitches its whiskers.
The iron imp barely misses you.
You closely miss Natasha.
Natasha is moderately wounded.
You hit the iron imp.
The iron imp convulses.
You hit the goblin. You freeze the goblin.
You kill the goblin!
Natasha barely misses you. The iron imp barely misses you.
You hit the iron imp but do no damage.
The iron imp is heavily wounded.
You hit Natasha.
Natasha is moving more slowly.
Natasha claws you. The iron imp hits you! The rat bites you but does no damage.
Natasha claws you.
You hit the iron imp but do no damage.
The iron imp is heavily wounded.
You strike the helpless Natasha from behind!
You hit Natasha.
Natasha flickers and vanishes for a moment.
You hit the rat.
You kill the rat!
Natasha claws you but does no damage.
The iron imp hits you but does no damage.
You hit Natasha.
Nothing appears to happen.
Natasha is severely wounded.
You hit the iron imp. Natasha claws you!
You die...
Xom roars with laughter!

#%##7..###.# #.## #<#
#...##%###...## #.#
##..7#........#
##.####.<.#.###...##
#.#..##..7#..# #..#
.##.##...##..###..#
#####7..##......>.#
.##.'..#####.##...###.##.
..#.#7## #....@........
##.## ####5)h....### ###
#.#.##### #.#.# #.#.#
#.#.# #.#.# ..#.# .. $#


You could see an iron imp (summoned) and Natasha (agile, invisible, petrifying).

Vanquished Creatures
  A worm (D:2)
  A dart slug (D:1)
  6 ball pythons (D:1)
  3 bats (D:1)
  2 endoplasms
  5 giant cockroaches
  A goblin (D:2)
  2 hobgoblins (D:1)
  3 kobolds (D:1)
  3 quokkas (D:1)
  4 rats
31 creatures vanquished.

Vanquished Creatures (others)
  A rat zombie (D:1)
1 creature vanquished.

Grand Total: 32 creatures vanquished

Notes
Turn   | Place    | Note
-------+----------+-------------------------------------------
     0 | D:1      | qw the Barachi Chaos Knight began the quest for the Orb.
     0 | D:1      | Reached XP level 1. HP: 18/18 MP: 1/1
     0 | D:1      | 0 ||| qw: Version: 0.1-a-104-g96f76f8
     0 | D:1      | 0 ||| qw: Game counter: 5837
     0 | D:1      | 0 ||| qw: Always use a shield: true
     0 | D:1      | 0 ||| qw: God list: Okawaru
     0 | D:1      | 0 ||| qw: Allow faded altars: false
     0 | D:1      | 0 ||| qw: Do Orc after D:15 true
     0 | D:1      | 0 ||| qw: Do second Lair branch before Depths: true
     0 | D:1      | 0 ||| qw: Lair rune preference: random
     0 | D:1      | 0 ||| qw: Plans: Normal
     0 | D:1      | 0 ||| PLANNING D:1-11
     0 | D:1      | Fell from the grace of Xom
    40 | D:1      | Found a faded altar of an unknown god.
    46 | D:1      | 46 ||| Stepping ~*~*~tactically~*~*~ (stealth).
   104 | D:1      | Reached XP level 2. HP: 24/24 MP: 2/2
   137 | D:1      | Reached skill level 4 in Axes
   289 | D:1      | 289 ||| Stepping ~*~*~tactically~*~*~ (stealth).
   290 | D:1      | 290 ||| Stepping ~*~*~tactically~*~*~ (stealth).
   292 | D:1      | 292 ||| Stepping ~*~*~tactically~*~*~ (stealth).
   293 | D:1      | 293 ||| Stepping ~*~*~tactically~*~*~ (stealth).
   571 | D:1      | Reached XP level 3. HP: 25/29 MP: 3/3
   856 | D:1      | XOM: stat loss: -1 Dex (10/11)
   921 | D:1      | 921 ||| UPGRADING to +0 plate armour.
   931 | D:1      | 931 ||| DROPPING +2 leather armour.
   932 | D:1      | 932 ||| UPGRADING to +1 hat.
   937 | D:1      | 937 ||| UPGRADING to ring of poison resistance.
   938 | D:1      | 938 ||| READING scroll labelled WEGYIF BOTHIFO.
   939 | D:1      | 939 ||| READING scroll labelled AQAARRAULA.
   940 | D:1      | 940 ||| READING scroll labelled BUFUTHR FAJOURO.
   941 | D:1      | 941 ||| READING scroll labelled LOUWOU MEDGHI.
   945 | D:1      | 945 ||| READING scroll labelled WIOCIT KUOTA.
   945 | D:1      | Identified a scroll of acquirement
   945 | D:1      | 945 ||| ACQUIRING ring "Heere" {rF++ Will+ rCorr SInv
                  | Stlth-}
   945 | D:1      | Acquired the ring "Heere" {rF++ Will+ rCorr SInv Stlth-}
   947 | D:1      | 947 ||| UPGRADING to ring "Heere" {rF++ Will+ rCorr SInv
                  | Stlth-}.
  1086 | D:2      | Noticed Natasha
  1094 | D:2      | HP: 6/29 [iron imp[Natasha] (9)]
  1094 | D:2      | HP: 1/29 [Natasha (5)]
  1096 | D:2      | Mangled by Natasha

Levels and vault maps discovered:
D:1:      enne_arrival_octagon_isle, layout_loops_ring, basic_ecumenical_altar,
          minmay_tetromino_o2
D:2:      layout_loops_ring, serial_shops, shop, st_stairs_2,
          amcnicky_mini_pool_small, grunt_ministairs_8, uniq_jessica,
          uniq_sigmund, uniq_natasha

Skill      XL: |  1  2 |
---------------+-------+-----
Axes           | 4 |  4.9
Fighting       | |  3.6
Armour         | |  2.4
Dodging        | |  1.1

Action                   || total
-------------------------++-------
Melee: Hand axe          ||   101
       Punch             ||     1
Invok: Renounce Religion ||     1
  Use: Scroll            ||     5
 Stab: Paralysed         ||     1
       Petrifying        ||     1
Armor: Leather armour    ||    32
       Plate armour      ||    11
Dodge: Dodged            ||    51

Table legend:
 A = Non-vault XP
 B = Vault XP
 C = Vault XP percentage of total XP
 D = Non-vault monster count
 E = Vault monster count
 F = Vault count percentage of total count
                 A         B        C        D         E       F
            +---------+---------+-------+---------+---------+-------
      Total |      50 |      10 |  16.7 |      27 |       4 |  12.9
            +---------+---------+-------+---------+---------+-------
        D:1 |      44 |       3 |   6.4 |      23 |       2 |   8.0
        D:2 |       6 |       7 |  53.8 |       4 |       2 |  33.3
            +---------+---------+-------+---------+---------+-------
